Map: Prion Terraces

Players

lesha - Winner!

  • Race: Terran Terran
  • League: Silver

troltean

  • Race: Zerg Zerg
  • League: Silver

VOD

Have the link to the VOD?

Description

Time

  • Played on: Jan. 1, 2016, 6:50 a.m.
  • Length: 10:39
Show
View Real Time Build Order
Export as new Build Order

lesha Terran - Winner!

Build Orders: Reaper Expand 

Get SALT Encoding   

  12  0:01  SCV  
  13  0:13  SCV  
  14  0:18  Supply Depot  
  14  0:25  SCV  
  15  0:40  SCV  
  15  0:41  Barracks  
  16  0:50  Refinery  
  16  0:52  SCV  
  17  1:04  SCV  
  18  1:16  SCV  
  19  1:28  Orbital Command  
  19  1:33  Reaper  
  20  1:48  Command Center  
  20  1:56  SCV, Supply Depot  
  21  2:06  Refinery  
  21  2:08  Barracks Reactor  
  21  2:13  SCV  
  22  2:25  SCV  
  22  2:29  Factory  
  23  2:35  Barracks  
  23  2:37  SCV  
  24  2:55  SCV  
  25  2:59  Marine x2  
  27  3:07  SCV  
  27  3:12  Barracks  
  28  3:13  Starport  
  28  3:15  Factory Tech Lab  
  28  3:19  SCV  
  29  3:20  Orbital Command  
  29  3:32  SCV  
  30  3:44  Barracks Tech Lab  
  30  3:46  Siege Tank  
  30  3:47  Marine  
  30  3:48  Marine  
  35  3:53  Orbital Command  
  35  3:59  Medivac  
  37  4:17  Bunker  
  37  4:19  SCV x2  
  39  4:27  Supply Depot  
  39  4:28  Supply Depot  
  39  4:29  Supply Depot  
  39  4:30  Marine x2  
  39  4:31  SCV x2, Barracks Reactor  
  43  4:34  Engineering Bay, Marauder  
  45  4:47  Stimpack  
  45  4:50  Supply Depot  
  45  4:52  SCV  
  46  4:53  SCV  
  46  4:56  Marine  
  46  4:58  Barracks, Marine  
  49  5:04  SCV  
  49  5:05  SCV  
  51  5:13  Marine x2  
  51  5:14  Marine  
  54  5:16  Starport Reactor  
  54  5:17  SCV x2  
  54  5:21  Terran Infantry Weapons Level 1  
  56  5:28  Marine x2  
  58  5:29  SCV x2  
  58  5:30  Engineering Bay  
  58  5:33  Siege Tank  
  63  5:39  Refinery  
  63  5:41  SCV x2  
  65  5:43  Refinery  
  65  5:51  Marine x3  
  65  5:52  Barracks Reactor, Marine  
  65  5:53  SCV x2  
  65  5:54  Medivac  
  73  6:05  Marine  
  73  6:09  Marine x3  
  77  6:14  SCV  
  78  6:24  Missile Turret  
  78  6:25  Missile Turret  
  78  6:30  Missile Turret  
  78  6:33  SCV x2  
  78  6:36  Supply Depot x2, Marine x5  
  78  6:37  Marine  
  78  6:38  Supply Depot  
  86  6:45  SCV  
  87  6:52  Marauder  
  87  6:54  Terran Infantry Armor Level 1, Missile Turret, Marine x2  
  90  6:59  SCV x2  
  90  7:01  Armory, Marine x2  
  95  7:11  SCV  
  95  7:13  SCV  
  97  7:16  Marine x4  
  101  7:23  SCV  
  101  7:25  SCV  
  103  7:35  SCV  
  100  7:52  SCV x2, Marine x4  
  100  7:53  Marine x3  
  105  8:04  SCV  
  104  8:06  Medivac x2  
  104  8:10  Marine x5  
  104  8:11  Marine x2  
  104  8:12  Barracks  
  115  8:14  Barracks  
  115  8:16  Terran Infantry Weapons Level 2, Barracks  
  115  8:28  Marine x3  
  118  8:59  Command Center  
  118  9:05  Missile Turret  
  118  9:08  Command Center  
  118  9:10  Missile Turret  
  118  9:13  Missile Turret  
  118  9:16  Missile Turret  
  118  9:20  Marine  
  118  9:22  SCV  
  118  9:24  SCV, Marine  
  118  9:25  Marine  
  113  9:36  SCV  
  113  9:56  Marine x5  
  118  10:00  Barracks Reactor x3  
  118  10:04  Marine x2  
Show
View Real Time Build Order
Export as new Build Order

troltean Zerg 

Build Orders: Hatch First 

Get SALT Encoding   

  12  0:01  Drone  
  13  0:12  Overlord  
  13  0:17  Drone  
  14  0:30  Drone x2  
  16  0:43  Drone  
  17  0:56  Hatchery, Drone  
  17  1:11  Spawning Pool  
  16  1:13  Drone  
  17  1:19  Extractor  
  17  1:20  Drone  
  17  1:21  Drone  
  18  1:28  Drone  
  19  1:38  Overlord  
  19  1:51  Overlord  
  19  1:57  Queen  
  21  2:01  Zergling x2  
  22  2:08  Queen  
  22  2:09  Drone  
  25  2:17  Zergling x2  
  26  2:23  Metabolic Boost  
  26  2:31  Drone, Roach Warren  
  26  2:33  Drone  
  26  2:36  Drone  
  28  2:44  Overlord  
  28  2:53  Drone x2  
  30  3:04  Zergling x2  
  31  3:07  Drone x3  
  31  3:10  Lair  
  34  3:16  Extractor  
  34  3:18  Drone x2  
  35  3:20  Drone  
  35  3:22  Drone  
  35  3:25  Drone  
  38  3:29  Drone  
  38  3:31  Drone  
  38  3:33  Drone  
  41  3:52  Roach  
  41  3:55  Overlord x3  
  43  3:56  Overlord  
  43  4:12  Queen  
  43  4:14  Roach  
  43  4:15  Roach x4  
  43  4:16  Roach  
  57  4:18  Roach  
  59  4:31  Drone  
  60  4:42  Drone  
  61  4:48  Queen  
  63  4:59  Spire  
  62  5:05  Extractor x2  
  60  5:35  Roach x8  
  76  5:37  Overlord x3  
  76  5:38  Overlord x5  
  76  6:12  Hatchery  
  76  6:14  Queen  
  76  6:15  Mutalisk x2  
  76  6:16  Mutalisk  
  83  6:19  Mutalisk  
  83  6:23  Drone  
  83  6:25  Drone x3  
  89  6:31  Mutalisk  
  91  6:37  Roach  
  91  6:38  Roach x2  
  97  7:16  Drone  
  97  7:17  Drone x10  
  108  7:31  Mutalisk  
  108  7:32  Mutalisk  
  82  7:45  Mutalisk  
  82  7:46  Mutalisk x4  
  86  7:58  Drone x4  
  86  7:59  Drone  
  91  8:18  Queen  
  93  8:33  Drone x2  
  93  8:34  Drone  
  96  8:35  Mutalisk x4  
  104  9:08  Mutalisk  
  104  9:09  Mutalisk x2  
  110  9:19  Roach  
  110  9:20  Roach x5, Zergling x2  
  110  9:21  Zergling x4  
  74  9:44  Roach x5  
  74  9:45  Roach  
  77  10:01  Roach  
  77  10:02  Roach  
  81  10:12  Roach  
  83  10:24  Drone  
Tags
 
Add a new tag
Caveats
  • Supply blocks, unpowered buildings, or Contaminate may cause inaccurate times.
  • Supply counts are checked every 10 seconds.